 Dungeon Crawl Stone Soup version 0.31.0-9-g3a7656b989 (webtiles) character file.

Game seed: 18369718232602961894

650 qw the Ducker (level 7, -1/35 HPs)
             Began as a Spriggan Hunter on Feb 2, 2024.
             Slain by a water moccasin (8 damage)
             ... on level 5 of the Dungeon.
             The game lasted 00:00:12 (3013 turns).

qw the Ducker (Spriggan Hunter)                     Turns: 3013, Time: 00:00:12

Health: -1/35      AC:  2    Str:  7    XL:     7   Next: 28%
Magic:  8/8        EV: 22    Int: 11    God:
Gold:   278        SH:  0    Dex: 20    Spells: 6/6 levels left

rFire   . . .        l - +0 orcbow
rCold   . . .        (shield currently unavailable)
rNeg    . . .        c - +0 robe
rPois   .            (helmet restricted)
rElec   .            (no cloak)
rCorr   .            (gloves unavailable)
SInv    +            (boots unavailable)
Will    +....        (no amulet)
Stlth   ++           (no ring)
HPRegen 0.25/turn    (no ring)
MPRegen 0.11/turn

%: no passive effects
@: lethally poisoned (-1 -> -7), very quick
A: very small, no large weapons, unfitting armour, see invisible, speed 3
a: no special abilities


You were on level 5 of the Dungeon.
You visited 1 branch of the dungeon, and saw 5 of its levels.

You collected 278 gold pieces.


Innate Abilities, Weirdness & Mutations

You are very small and have problems with some larger weapons.
You are too small for most types of armour.
You have supernaturally acute eyesight. (SInv)
You cover ground extremely quickly. (Speed+++)


   Skills:
 - Level 2.0 Fighting
 + Level 7.0 Ranged Weapons
 - Level 7.4 Dodging
 - Level 1.5 Stealth


You had 6 spell levels left.
You didn't know any spells.
Your spell library was empty.

Inventory:

Hand Weapons
 a - a +1 shortbow
 l - a +0 orcbow (weapon)
Armour
 c - a +0 robe (worn)
 h - a +2 cloak
 i - a +0 troll leather armour
Jewellery
 b - a ring of fire
Wands
 d - a wand of flame (9)
Potions
 e - a potion of invisibility {unknown}
 f - a potion of heal wounds
 g - a potion of attraction {unknown}
 j - 2 potions of mutation
 k - a potion of cancellation

Dungeon Overview and Level Annotations

Branches:
Dungeon (5/15)
 Temple: D:4-7

Altars:
Makhleb
Zin

Annotations:
D:5 2 runed translucent doors


Message History

The water moccasin completely misses you.
You shoot an arrow. The arrow misses the water moccasin.
You feel sick.
The water moccasin completely misses you.
The water moccasin closely misses you.
You shoot an arrow. The arrow hits the water moccasin.
The water moccasin is moderately wounded.
You feel sick. The water moccasin misses you.
You shoot an arrow.
The arrow closely misses the water moccasin.
You feel sick.
The water moccasin completely misses you. x2
You shoot an arrow.
The arrow barely misses the water moccasin.
You feel sick.
You are no longer poisoned.
The water moccasin closely misses you.
The water moccasin completely misses you.
You shoot an arrow. The arrow hits the water moccasin.
The water moccasin is moderately wounded.
The water moccasin completely misses you.
You shoot an arrow. The arrow misses the water moccasin.
The water moccasin bites you.
You are poisoned.
The water moccasin poisons you! The water moccasin closely misses you.
You shoot an arrow. The arrow misses the water moccasin.
You feel very sick.
The water moccasin completely misses you.
You shoot an arrow.
The arrow closely misses the water moccasin.
You feel very sick. The water moccasin misses you.
The water moccasin completely misses you.
You shoot an arrow. The arrow misses the water moccasin.
You feel sick.
The water moccasin completely misses you.
You shoot an arrow. The arrow hits the water moccasin.
The water moccasin is heavily wounded.
You feel sick. The water moccasin bites you!
You die...

#.#
#.#
#.#
#.#
#.#
#.#
#(#
#.#
#@#
#.S.#
#..###
...#
..###
.


You could see a water moccasin.

Vanquished Creatures
  A black bear (D:5)
  An ogre (D:4)
  A centaur (D:5)
  A scorpion (D:5)
  2 bombardier beetles
  4 hounds
  6 adders
  A shadow imp (D:5)
  2 dart slugs
  11 orcs
  3 bats
  6 endoplasms
  2 giant cockroaches
  5 goblins
  7 hobgoblins
  7 jackals
  6 ball pythons
  6 frilled lizards
  7 kobolds
  3 rats
82 creatures vanquished.

Notes
Turn   | Place    | Note
-------+----------+-------------------------------------------
     0 | D:1      | qw the Spriggan Hunter began the quest for the Orb.
     0 | D:1      | Reached XP level 1. HP: 10/10 MP: 2/2
     0 | D:1      | 0 ||| qw: Version: 0.3-a-155-g5e7d8dd
     0 | D:1      | 0 ||| qw: Game counter: 2100
     0 | D:1      | 0 ||| qw: Melee chars always use a shield: true
     0 | D:1      | 0 ||| qw: God list: Okawaru
     0 | D:1      | 0 ||| qw: Allow faded altars: false
     0 | D:1      | 0 ||| qw: Do Orc after clearing Dungeon:15 true
     0 | D:1      | 0 ||| qw: Do second Lair branch before Depths: true
     0 | D:1      | 0 ||| qw: Lair rune preference: random
     0 | D:1      | 0 ||| qw: Goals: Normal
     0 | D:1      | 0 ||| PLANNING D:1-11
    19 | D:1      | Reached skill level 3 in Dodging
    50 | D:1      | Found a faded altar of an unknown god.
    94 | D:1      | Reached XP level 2. HP: 14/14 MP: 3/3
   521 | D:1      | 521 ||| DROPPING ring of flight.
   522 | D:1      | 522 ||| READING 2 scrolls labelled KEIPPURPHYI.
   522 | D:1      | 522 ||| IDENTIFYING ruby potion
   523 | D:1      | 523 ||| READING scroll of identify.
   523 | D:1      | 523 ||| IDENTIFYING lumpy pink potion
   524 | D:1      | 524 ||| READING 2 scrolls labelled XAUQIUL FIAPIU.
   525 | D:1      | 525 ||| READING scroll labelled ITEPUU DUUFOD.
   530 | D:1      | 530 ||| READING 2 scrolls labelled JEYGRO HOJU.
   531 | D:1      | 531 ||| READING scroll labelled BATZYPS KUKLE.
   532 | D:1      | 532 ||| READING 3 scrolls labelled CAX MAWIMYSM.
   633 | D:1      | 633 ||| DROPPING scroll of butterflies.
   634 | D:1      | 634 ||| DROPPING scroll of immolation.
   635 | D:1      | 635 ||| DROPPING scroll of fog.
   636 | D:1      | 636 ||| DROPPING 2 scrolls of vulnerability.
   673 | D:2      | Reached XP level 3. HP: 14/18 MP: 4/4
  1224 | D:2      | 1224 ||| READING 2 scrolls of identify.
  1224 | D:2      | 1224 ||| IDENTIFYING metallic yellow potion
  1225 | D:2      | 1225 ||| READING scroll of identify.
  1225 | D:2      | 1225 ||| IDENTIFYING lumpy golden potion
  1226 | D:2      | 1226 ||| READING scroll labelled GITIATHAEG.
  1227 | D:2      | 1227 ||| READING scroll labelled AMPAEPN JAQITT.
  1227 | D:2      | 1227 ||| ENCHANTING +0 shortbow.
  1228 | D:2      | 1228 ||| DROPPING potion of lignification.
  1290 | D:3      | Reached XP level 4. HP: 22/22 MP: 5/5
  1848 | D:3      | 1848 ||| READING 2 scrolls of identify.
  1848 | D:3      | 1848 ||| IDENTIFYING 2 fuming blue potions
  1849 | D:3      | 1849 ||| READING scroll of identify.
  1849 | D:3      | 1849 ||| IDENTIFYING scroll labelled PULAM FU KEVOS
  1850 | D:3      | 1850 ||| DROPPING 2 potions of brilliance.
  1851 | D:3      | 1851 ||| DROPPING scroll of noise.
  2014 | D:4      | Reached XP level 5. HP: 26/26 MP: 6/6
  2120 | D:4      | Found a burning altar of Makhleb.
  2139 | D:4      | Noticed an ogre
  2140 | D:4      | 2140 ||| ZAPPING wand of flame (14) at -7,0 (ogre; floor).
  2141 | D:4      | 2141 ||| ZAPPING wand of flame (13) at -6,0 (ogre; floor).
  2142 | D:4      | 2142 ||| ZAPPING wand of flame (12) at -5,0 (ogre; floor).
  2143 | D:4      | 2143 ||| ZAPPING wand of flame (11) at -4,0 (ogre; floor).
  2144 | D:4      | 2144 ||| ZAPPING wand of flame (10) at -3,0 (ogre; floor).
  2144 | D:4      | Killed an ogre
  2145 | D:4      | Reached skill level 6 in Ranged Weapons
  2245 | D:4      | Reached XP level 6. HP: 18/30 MP: 7/7
  2562 | D:4      | Found a glowing silver altar of Zin.
  2704 | D:4      | 2704 ||| READING 2 scrolls of identify.
  2704 | D:4      | 2704 ||| IDENTIFYING viscous red potion
  2705 | D:4      | 2705 ||| READING scroll of identify.
  2705 | D:4      | 2705 ||| IDENTIFYING scroll labelled MOCEDO SEXEB
  2706 | D:4      | 2706 ||| READING scroll of enchant weapon.
  2706 | D:4      | 2706 ||| ENCHANTING +0 shortbow.
  2707 | D:4      | 2707 ||| READING 2 scrolls labelled ZOORRU WUUHIRR.
  2708 | D:4      | 2708 ||| DROPPING potion of magic.
  2709 | D:4      | 2709 ||| DROPPING scroll of fear.
  2744 | D:5      | Entered Level 5 of the Dungeon
  2755 | D:5      | Reached skill level 6 in Dodging
  2796 | D:5      | Found a large runed translucent door.
  2829 | D:5      | Found a large runed translucent door.
  2964 | D:5      | Reached XP level 7. HP: 35/35 MP: 8/8
  2995 | D:5      | 2995 ||| SWAPPING to +0 orcbow.
  3013 | D:5      | HP: 7/35 [poisoned by a water moccasin]
  3013 | D:5      | Slain by a water moccasin

Levels and vault maps discovered:
D:1:      dpeg_arrival_tiny_a, layout_rooms, chequers_ecumenical_altar_twisty,
          corexii_hall_statues_deadend, minmay_pentomino_z4
D:2:      layout_basic
D:3:      layout_loops_ring, glass_columns_b
D:4:      layout_cave_pods, lemuel_coloured_pillars_altar, old_standard_altar,
          serial_column_ruins, column_ruins_circle_medium, column_ruins_hut,
          column_ruins_open_tiny, column_ruins_grid_3, column_ruins_open_tiny,
          column_ruins_open_small, column_ruins_grid_3, column_ruins_open_tiny,
          column_ruins_grid_1
D:5:      layout_basic, minmay_temple_entry_overgrown,
          ebering_ghost_disaster_area, nicolae_shop_fire_sale
          [nicolae_sub_dead_trees]

Skill      XL: |  1  2  3  4  5  6  7 |
---------------+----------------------+-----
Dodging        | 3 4 5 6 7 |  7.4
Ranged Weapons | 5 6 7 |  7.0
Fighting       | 2 |  2.0
Stealth        | |  1.5

Action                     |  1- 3 |  4- 6 |  7- 9 || total
---------------------------+-------+-------+-------++-------
   Fire: Shortbow          |    91 |   143 |     3 ||   237
         Orcbow            |       |       |    18 ||    18
  Evoke: Wand              |       |     5 |       ||     5
    Use: Scroll            |    11 |     6 |       ||    17
 Armour: Robe              |     6 |    11 |     3 ||    20
  Dodge: Dodged            |    26 |    64 |    24 ||   114

Table legend:
 A = Non-vault XP
 B = Vault XP
 C = Vault XP percentage of total XP
 D = Non-vault monster count
 E = Vault monster count
 F = Vault count percentage of total count
                 A         B        C        D         E       F
            +---------+---------+-------+---------+---------+-------
      Total |     924 |       5 |   0.5 |      79 |       3 |   3.7
            +---------+---------+-------+---------+---------+-------
        D:1 |      35 |       5 |  12.5 |      20 |       3 |  13.0
        D:2 |      47 |       0 |   0.0 |      14 |       0 |   0.0
        D:3 |      76 |       0 |   0.0 |      19 |       0 |   0.0
        D:4 |     293 |       0 |   0.0 |      13 |       0 |   0.0
        D:5 |     473 |       0 |   0.0 |      13 |       0 |   0.0
            +---------+---------+-------+---------+---------+-------
